AoeStats
← 6X_Kanna_X6

Oasis

510215252Analyzed
4v4 RM · 2d ago on Sep 30, 2026· 52m 51s· 8 players
Game mode
Random Map
Map size
Large (8 player)
Population
200
Speed
Normal
Resources
Standard
Victory
Conquest
Starting age
Dark Age
Ending age
Imperial Age
RankedLock teamsTeams togetherTeam positionsShared explorationLock speedFull tech treeHidden civsTurbo modeCheats
Victory
Defeat
🇫🇷 Varangians · France
680
+12
🇲🇽 Burgundians · Mexico
642
+14
🇨🇱 Britons · Chile
642
+14
🇺🇸 Mongols · United States
554
+17
🇺🇸 Koreans · United States
606
-15
🇭🇰 Celts · Hong Kong SAR China
589
-14
🇵🇪 Vietnamese · Peru
585
-14
🇦🇷 Burgundians · Argentina
582
-14
songshu512
14:31 Feudal Age
15:34 Horse Collar
15:42 Double-Bit Axe
20:11 Wheelbarrow
22:04 Gold Mining
24:57 Castle Age
25:34 Stone Mining
27:35 Heavy Plow
27:50 Bow Saw
28:34 Hand Cart
31:51 Ballistics
33:32 Caravan
35:19 Hand Cart
38:14 Imperial Age
38:57 Gold Shaft Mining
38:58 Stone Shaft Mining
39:44 Heavy Scorpion
46:33 Chemistry
45:49 Siege Engineers
49:01 Conscription
48:53 Furor Celtica
thefriend
12:44 Feudal Age
21:21 Castle Age
20:30 Gold Mining
20:30 Double-Bit Axe
21:04 Horse Collar
21:54 Crossbowman
26:03 Thumb Ring
29:56 Wheelbarrow
33:24 Ballistics
37:21 Imperial Age
36:40 Gold Shaft Mining
37:10 Treadmill Crane
37:46 Capped Ram
39:58 Chemistry
38:44 Arrowslits
39:16 Arbalester
Althair
12:23 Feudal Age
12:53 Double-Bit Axe
12:51 Horse Collar
19:20 Forging
19:18 Scale Barding Armor
23:33 Wheelbarrow
27:56 Castle Age
28:57 Hand Cart
35:41 Caravan
36:10 Bow Saw
36:02 Heavy Plow
39:45 Town Watch
40:24 Ballistics
41:34 Gold Mining
41:37 Stone Mining
41:57 Padded Archer Armor
41:47 Fletching
42:34 Iron Casting
41:58 Crossbowman
42:44 Thumb Ring
43:41 Town Patrol
44:22 Elite Skirmisher
45:34 Bodkin Arrow
45:56 Leather Archer Armor
Smech4118
10:14 Feudal Age
8:52 Horse Collar
11:59 Heavy Plow
21:43 Castle Age
21:59 Gold Mining
23:43 Forging
26:38 Iron Casting
26:49 Fervor
28:20 Gold Shaft Mining
27:35 Stone Mining
32:01 Scale Mail Armor
32:10 Scale Barding Armor
32:02 Fletching
37:03 Imperial Age
35:47 Bodkin Arrow
37:05 Chain Barding Armor
38:53 Blast Furnace
39:53 Double-Bit Axe
40:39 Crop Rotation
41:19 Plate Barding Armor
41:36 Squires
41:39 Bracer
41:45 Scale Mail Armor
41:57 Burgundian Vineyards
46:11 Pikeman
godnah
3:35 Loom
11:43 Feudal Age
13:21 Wheelbarrow
12:35 Double-Bit Axe
12:47 Town Watch
13:29 Horse Collar
14:28 Stone Mining
21:29 Gold Mining
24:31 Castle Age
23:23 Bloodlines
23:29 Scale Barding Armor
23:52 Forging
25:21 Husbandry
24:45 Light Cavalry
25:50 Chain Barding Armor
25:48 Bow Saw
25:49 Heavy Plow
25:35 Pikeman
26:54 Squires
28:51 Nomads
30:09 Caravan
34:01 Gold Shaft Mining
35:41 Man-at-Arms
36:09 Arson
37:01 Iron Casting
36:26 Scale Mail Armor
39:45 Imperial Age
38:30 Fortified Wall
38:16 Murder Holes
38:42 Ballistics
38:33 Masonry
39:02 Hand Cart
38:47 Town Patrol
38:42 Fletching
38:53 Padded Archer Armor
38:54 Herbal Medicine
40:17 Stone Shaft Mining
39:51 Cavalier
39:52 Heavy Camel Rider
39:53 Elite Steppe Lancer
40:42 Hussar
42:24 Blast Furnace
41:40 Chain Mail Armor
40:47 Long Swordsman
41:51 Conscription
42:57 Chemistry
42:06 Siege Engineers
41:37 Two-Handed Swordsman
42:54 Coinage
51:17 Plate Mail Armor
TwoMazatl
0:57 Loom
16:16 Feudal Age
19:20 Man-at-Arms
26:38 Castle Age
24:28 Double-Bit Axe
37:44 Imperial Age
35:09 Gold Mining
35:10 Stone Mining
37:24 Gold Shaft Mining
37:41 Wheelbarrow
39:15 Bow Saw
38:50 Horse Collar
40:00 Heavy Plow
42:38 Crop Rotation
43:40 Two-Man Saw
44:17 Chemistry
44:02 Hand Cart
44:10 Conscription
45:09 Burgundian Vineyards
45:36 Pikeman
46:17 Squires
45:45 Cavalier
46:26 Husbandry
47:05 Paladin
48:27 Elite Coustillier
DarkMatrix
0:49 Loom
12:35 Feudal Age
13:27 Double-Bit Axe
16:26 Horse Collar
16:47 Gold Mining
19:28 Wheelbarrow
21:27 Stone Mining
24:08 Castle Age
23:30 Scale Barding Armor
23:36 Forging
23:58 Bloodlines
25:27 Husbandry
26:39 Bow Saw
28:12 Heavy Plow
28:36 Scale Mail Armor
30:35 Iron Casting
30:25 Chain Barding Armor
31:47 Hand Cart
32:10 Caravan
33:25 Town Watch
33:56 Treadmill Crane
38:44 Imperial Age
37:26 Fletching
37:40 Padded Archer Armor
38:32 Stone Shaft Mining
38:41 Bodkin Arrow
39:04 Fervor
38:54 Cavalier
40:36 Two-Man Saw
40:40 Blast Furnace
40:15 Plate Barding Armor
40:16 Crop Rotation
40:16 Conscription
41:26 Bracer
42:51 Leather Archer Armor
46:12 Murder Holes
47:06 Ballistics
50:37 Hand Cart
50:35 Masonry
51:22 Town Patrol
51:34 Elite Jarl
6X_Kanna_X6
0:38 Loom
13:28 Feudal Age
17:19 Wheelbarrow
17:21 Double-Bit Axe
19:58 Castle Age
21:04 Bow Saw
20:40 Horse Collar
21:04 Caravan
21:00 Stone Mining
21:01 Gold Mining
23:21 Hand Cart
22:52 Town Watch
23:08 Heavy Plow
26:32 Town Patrol
26:18 Pikeman
26:59 Squires
26:44 Arson
28:48 Caravan
29:19 Coinage
29:34 Gold Shaft Mining
35:42 Yeomen
37:59 Fortified Wall
37:44 Murder Holes
37:30 Treadmill Crane
38:00 Masonry
41:10 Forging
41:00 Scale Mail Armor
41:05 Scale Barding Armor
41:01 Padded Archer Armor
40:51 Fletching
44:18 Imperial Age
45:25 Iron Casting
45:05 Chain Mail Armor
44:29 Capped Ram
44:38 Light Cavalry
45:20 Husbandry
44:40 Cavalier
46:52 Hoardings
48:16 Blast Furnace
47:47 Plate Mail Armor
47:38 Chain Barding Armor
48:46 Architecture
50:24 Chemistry
Connection lost

Rejoining the realm…

Still unreachable

The connection could not be restored.

Session expired

The server has moved on; the page needs a fresh start.